 Dungeon Crawl Stone Soup version 0.18-a0-27-g1f73fa3 (webtiles) character file.

9727 Azhtabak the Carver (level 11, -1/86 HPs)
             Began as a Formicid Fighter on Nov 4, 2015.
             Was a Believer of Ru.
             Slain by a hellwing (8 damage)
             ... on level 1 of the Abyss.
             The game lasted 01:12:33 (14854 turns).

Azhtabak the Carver (Formicid Fighter)             Turns: 14854, Time: 01:12:33

Health: -1/86      AC: 14    Str: 21    XL:     11   Next: 79%
Magic:  23/23      EV:  8    Int: 10    God:    Ru [**....]
Gold:   622        SH: 10    Dex: 11    Spells: 0 memorised, 10 levels left

rFire  . . .     SeeInvis +     a - +2 long sword (holy)
rCold  + . .     Clarity  .     j - +0 chain mail
rNeg   . . .     SustAt   .     c - +0 shield
rPois  .         Gourm    .     (helmet unavailable)
rElec  .         Spirit   .     C - +2 cloak
rCorr  .         Warding  .     (no gloves)
rMut   .         Stasis   +     (no boots)
MR     +....                    (no amulet)
Stlth  ..........               M - ring of protection from cold
                                h - ring of magical power

@: somewhat resistant to hostile enchantments, extremely unstealthy
A: permanent stasis, dig shafts and tunnels, four strong arms, antennae 3,
inability to read while threatened, missing an eye
a: Dig, Shaft Self, Renounce Religion


You were on level 1 of the Abyss.
You worshipped Ru.
Ru was pleased with you.
You were very hungry.

You visited 3 branches of the dungeon, and saw 12 of its levels.
You visited the Abyss 1 time.

You collected 732 gold pieces.
You spent 110 gold pieces at shops.

Inventory:

Hand Weapons
 a - a +2 long sword of holy wrath (weapon)
 b - a +0 shortbow
 B - the +1 hunting sling "Xuqefuops" {velocity, rF- Str+3 Int-2 Stlth+}
   (You found it on level 6 of the Dungeon)

   Any stone fired from it inflicts extra damage.
   It affects your strength (+3).
   It affects your intelligence (-2).
   It makes you vulnerable to fire.
   It makes you more stealthy.
Missiles
 m - 166 arrows
 o - 21 tomahawks (quivered)
Armour
 c - a +0 shield (worn)
 j - a +0 chain mail (worn)
 y - a +0 plate armour
 C - a +2 cloak (worn)
Jewellery
 f - an uncursed ring of flight
 h - a ring of magical power (left hand)
 M - a ring of protection from cold (right hand)
Wands
 d - a wand of frost (17)
 p - a wand of fire (7)
 x - a wand of digging (7)
 F - a wand of fireball (3)
Scrolls
 g - a scroll of fear {unknown}
 r - a scroll of fog
 s - 3 scrolls of amnesia
 z - a scroll of holy word {unknown}
 D - a scroll of immolation {unknown}
 E - 2 scrolls of magic mapping
 I - a scroll of noise {unknown}
 L - a scroll of vulnerability {unknown}
 N - a scroll of remove curse
Potions
 k - 3 potions of brilliance
 l - 2 potions of magic
 n - 2 potions of cancellation
 v - a potion of resistance
 A - 2 potions of flight
 J - 2 potions of ambrosia
Books
 q - a book of the Tempests

   Spells                             Type                      Level
   a - Static Discharge               Conjuration/Air              3
   b - Lightning Bolt                 Conjuration/Air              5
   c - Fireball                       Conjuration/Fire             5
   d - Tornado                        Air                          9
   e - Shatter                        Earth                        9
 u - a book of Summonings

   Spells                             Type                      Level
   a - Recall                         Summoning/Translocation      3
   b - Aura of Abjuration             Summoning                    5
   c - Shadow Creatures               Summoning                    5
   d - Summon Demon                   Summoning                    5
   e - Summon Forest                  Summoning/Translocation      5
   f - Summon Mana Viper              Hexes/Summoning              5
Miscellaneous
 K - a plain deck of summoning {the Crusade}
Comestibles
 e - 7 bread rations
 i - 6 meat rations
 w - 5 fruits
 G - 4 beef jerkies
 O - a slice of pizza


   Skills:
 - Level 8.0 Fighting
 * Level 11.4 Long Blades
 + Level 4.0 Bows
 + Level 8.7 Armour
 - Level 1.7 Dodging
 + Level 5.4 Stealth
 - Level 7.1 Shields
 - Level 4.0 Evocations


You had 10 spell levels left.
You didn't know any spells.

Dungeon Overview and Level Annotations

Branches:
Dungeon (10/15)            Temple (1/1) D:6            Lair (0/8) D:9
    Orc (1/4) D:10

Altars:
Ashenzari
Cheibriados
Dithmenos
Elyvilon
Fedhas
Gozag
Kikubaaqudgha
Makhleb
Nemelex Xobeh
Okawaru
Ru
Sif Muna
Trog
Vehumet
Xom
Yredelemnul
Zin
The Shining One

Shops:
D:5 *%   D:9 (   Orc:1 [

Annotations:
D:10 Harold


Innate Abilities, Weirdness & Mutations

You are under a permanent stasis effect.
You can dig through walls and to a lower floor.
Your four strong arms can wield two-handed weapons with a shield.
You have a pair of large antennae on your head (SInv).
You cannot read scrolls while threatened.
You are missing an eye, making it more difficult to aim.


Message History

You redirect the hellwing's attack!
The hellwing hits you.
* * * LOW HITPOINT WARNING * * *
The hellwing hits you but does no damage.
You hit the hellwing but do no damage.
The hellwing is almost dead.
You block the hellwing's attack.
The hellwing hits you but does no damage.
Unknown command.
Your chain mail prevents you from hitting the hellwing.
The hellwing is almost dead.
You hit the hellwing.
The hellwing convulses.
The hellwing is almost dead.
The hellwing hits you.
* * * LOW HITPOINT WARNING * * *
You block the hellwing's attack.
You hit the hellwing.
The hellwing convulses.
The hellwing is almost dead.
The hellwing hits you!
You die...

.#.
##. #
{ #.
.# { #
# #
##.
...# #
### ##
# 4..
##. #.
{ #
....##
. ..
## ..
#4#.
..# .
..
##@#
..# ##
. ####
# ...
.. ##
.#


You could see a hellwing.

Vanquished Creatures
  A death yak (D:9)
  A hill giant (D:10)
  A sixfirhy (Abyss:1)
  An elephant (D:9)
  Maurice (D:8)
  Grinder (D:6)
  Prince Ribbit (D:6)
  Sigmund (D:5)
  2 wyverns (D:10)
  7 yaks (D:10)
  A hungry ghost (D:10)
  Eustachio (D:6)
  2 hippogriffs
  A neqoxec (Abyss:1)
  A phantom (D:10)
  6 orc warriors
  2 ice beasts
  3 sky beasts
  3 black bears
  6 centaurs
  6 ogres
  6 giant frogs
  A small abomination (Abyss:1)
  4 scorpions
  9 killer bees
  A wasp zombie (D:10)
  2 quasits
  2 jellies
  A centaur skeleton (D:8)
  3 crimson imps
  8 hounds
  Crazy Yiuf (D:2)
  4 orc priests
  A giant frog skeleton (D:7)
  An iron imp (Abyss:1)
  4 iguanas
  9 orc wizards
  Terence (D:2)
  Natasha (thrice) (D:2)
  7 worker ants
  A killer bee zombie (D:6)
  2 sheep
  4 hound skeletons
  2 hound zombies
  A worker ant zombie (D:6)
  14 adders
  2 gnolls (D:9)
  2 shadow imps
  A white imp (Abyss:1)
  An ufetubus (Abyss:1)
  3 oozes
  An adder zombie (D:5)
  3 worms
  4 giant geckos
  74 orcs
  2 bat zombies (D:6)
  6 giant cockroaches
  8 goblins
  8 hobgoblins
  6 jackals
  14 kobolds
  A ball python (D:2)
  7 bats
  8 giant newts
  6 quokkas
  6 rats
304 creatures vanquished.

Vanquished Creatures (others)
  4 starspawn tentacles (Abyss:1)
4 creatures vanquished.

Grand Total: 308 creatures vanquished

Notes
Turn   | Place    | Note
--------------------------------------------------------------
     0 | D:1      | Azhtabak the Formicid Fighter began the quest for the Orb.
     0 | D:1      | Reached XP level 1. HP: 18/18 MP: 1/1
   295 | D:1      | Reached XP level 2. HP: 24/24 MP: 2/2
   488 | D:1      | Reached XP level 3. HP: 28/30 MP: 3/3
   493 | D:1      | Reached skill level 1 in Dodging
  1053 | D:2      | Reached skill level 4 in Fighting
  1053 | D:2      | Reached XP level 4. HP: 32/37 MP: 4/4
  1170 | D:2      | Found a burning altar of Makhleb.
  1171 | D:2      | Found a glowing golden altar of the Shining One.
  1232 | D:2      | Noticed Natasha
  1547 | D:2      | Killed Natasha
  1610 | D:2      | Noticed Crazy Yiuf
  1629 | D:2      | Killed Crazy Yiuf
  1629 | D:2      | Reached XP level 5. HP: 10/42 MP: 5/5
  2001 | D:2      | Noticed Terence
  2007 | D:2      | Killed Terence
  2051 | D:2      | Noticed Natasha
  2122 | D:2      | Killed Natasha
  2630 | D:2      | Noticed Natasha
  2633 | D:2      | Killed Natasha
  2839 | D:3      | Reached XP level 6. HP: 48/48 MP: 6/6
  2983 | D:3      | Reached skill level 5 in Shields
  3121 | D:3      | Found a shadowy altar of Dithmenos.
  3552 | D:3      | Found a deep blue altar of Sif Muna.
  4081 | D:5      | Entered Level 5 of the Dungeon
  4109 | D:5      | Found Hime's Assorted Antiques.
  4115 | D:5      | Bought a potion of heal wounds for 110 gold pieces
  4125 | D:5      | Found Adyrch's Food Shoppe.
  4307 | D:6      | Reached XP level 7. HP: 36/54 MP: 7/7
  4317 | D:6      | Reached skill level 5 in Long Blades
  4317 | D:6      | Reached skill level 6 in Shields
  4545 | D:6      | Reached skill level 1 in Stealth
  4700 | D:6      | Reached XP level 8. HP: 30/60 MP: 8/8
  5268 | D:6      | Found a shimmering altar of Xom.
  5312 | D:6      | Found an ancient bone altar of Kikubaaqudgha.
  5318 | D:6      | Got an ivory hunting sling
  5330 | D:6      | Identified the +1 hunting sling "Xuqefuops" {velocity, rF- Str+3 Int-2 Stlth+} (You found it on level 6 of the Dungeon)
  5434 | D:6      | Noticed Prince Ribbit
  5495 | D:6      | Noticed Eustachio
  5563 | D:6      | Noticed Sigmund
  5569 | D:6      | You fall through a shaft for 2 floors!
  5833 | D:7      | Found a radiant altar of Vehumet.
  5904 | D:7      | Reached skill level 7 in Long Blades
  6888 | D:7      | Reached skill level 5 in Stealth
  6939 | D:7      | Reached skill level 8 in Long Blades
  7085 | D:7      | Reached XP level 9. HP: 60/65 MP: 9/9
  7308 | D:8      | Noticed Maurice
  7333 | D:8      | Killed Maurice
  7631 | D:8      | Found an opulent altar of Gozag.
  7643 | D:8      | Reached skill level 9 in Long Blades
  7656 | D:8      | Reached skill level 5 in Fighting
  8393 | D:8      | Reached skill level 5 in Armour
  8829 | D:6      | Killed Prince Ribbit
  8829 | D:6      | Reached XP level 10. HP: 76/76 MP: 10/10
  8858 | D:5      | Reached skill level 10 in Long Blades
  8880 | D:5      | Killed Sigmund
  9111 | D:6      | Killed Eustachio
  9138 | D:6      | Found a bloodstained altar of Trog.
  9138 | D:6      | Found a staircase to the Ecumenical Temple.
  9145 | Temple   | Entered the Ecumenical Temple
  9171 | Temple   | Became a worshipper of Ru the Awakened
  9466 | D:6      | Noticed Grinder
  9473 | D:6      | Killed Grinder
 10522 | D:9      | Found Edwum's Weapon Boutique.
 10573 | D:9      | Found a staircase to the Lair.
 10573 | D:9      | Noticed an elephant
 10574 | D:9      | Noticed a death yak
 10882 | D:9      | Killed an elephant
 10882 | D:9      | Reached skill level 1 in Bows
 10882 | D:9      | Reached skill level 1 in Evocations
 11003 | D:9      | Killed a death yak
 11164 | D:9      | Reached XP level 11. HP: 73/84 MP: 12/12
 11175 | D:9      | Found Josseq's Antique Weapon Emporium.
 11723 | D:9      | Gained mutation: You cannot read scrolls while threatened. [Ru sacrifice]
 11723 | D:9      | Reached * piety under Ru
 11934 | D:9      | Found an iron altar of Okawaru.
 12126 | D:10     | Entered Level 10 of the Dungeon
 13114 | D:10     | Reached skill level 11 in Long Blades
 13356 | D:10     | Found a staircase to the Orcish Mines.
 13772 | D:10     | Noticed a hill giant
 13788 | D:10     | Killed a hill giant
 13964 | D:10     | Gained mutation: You are missing an eye, making it more difficult to aim. [Ru sacrifice]
 13964 | D:10     | Reached ** piety under Ru
 14084 | D:10     | Found a sparkling altar of Nemelex Xobeh.
 14240 | Orc:1    | Entered Level 1 of the Orcish Mines
 14290 | Orc:1    | Found Xemeamubb's Antique Armour Boutique.
 14294 | Orc:1    | Noticed Harold
 14426 | D:10     | Cast into the Abyss (Harold)
 14663 | Abyss:1  | Noticed a tentacled starspawn
 14673 | Abyss:1  | Noticed a tentacled starspawn
 14679 | Abyss:1  | Noticed a tentacled starspawn
 14680 | Abyss:1  | Found a corrupted altar of Lugonu.
 14818 | Abyss:1  | Noticed a wretched star
 14854 | Abyss:1  | Slain by a hellwing

Vault maps used:
D:1:      grunt_arrival_crossed_arrows, minivault_26
D:2:      gammafunk_temple_overflow_pools, uniq_terence,
          uniq_crazy_yiuf_cottage, uniq_natasha
D:3:      overflow_temple_1_default, nicolae_overflow_hidden_temple, first_bread
D:5:      serial_shops, shop, nicolae_shop_trees
D:6:      marbit_many_paths, lemuel_zombie_altar_kikubaaqudgha, temple_statues,
          serial_corexii_hall, corexii_hall_statues_x, corexii_hall_statues_x,
          trog_ov_bears_minmay, uniq_grinder, uniq_sigmund, uniq_eustachio,
          uniq_prince_ribbit1
D:7:      vehumet_crystals
D:8:      kennysheep_little_box, grunt_ogre_cave, uniq_maurice
D:9:      david_lair_generic, serial_shops, shop, shop,
          okawaru_altar_gauntlet_db
D:10:     hiddenorc1_lemuel, basic_altar
Temple:   triangle_lava_temple_11
Orc:1:    serial_shops, shop, uniq_harold

Action                   |  1- 3 |  4- 6 |  7- 9 | 10-12 || total
-------------------------+-------+-------+-------+-------++-------
Melee: Long sword        |   130 |   320 |   547 |   765 ||  1762
 Fire: Shortbow          |       |       |    22 |     7 ||    29
Throw: Tomahawk          |       |       |     9 |    23 ||    32
Invok: Sacrifice Words   |       |       |       |     1 ||     1
       Sacrifice an Eye  |       |       |       |     1 ||     1
 Abil: Shaft Self        |       |       |     1 |       ||     1
       Dig               |       |       |       |     1 ||     1
Evoke: Wand              |       |       |       |     8 ||     8
  Use: Potion            |     2 |     2 |     2 |     4 ||    10
       Scroll            |       |    12 |     2 |     6 ||    20
 Stab: Distracted        |       |       |     1 |     1 ||     2
  Eat: Chunk             |       |    10 |     7 |    16 ||    33
       Pizza             |       |     1 |     1 |       ||     2
       Beef jerky        |       |       |     2 |     2 ||     4
       Bread ration      |       |       |     1 |       ||     1
       Royal jelly       |       |       |       |     1 ||     1
